 Dungeon Sprint DCSS version 0.30.1 (webtiles) character file.

Game seed: 173145997299973882

7460 boopmooplesden the Cruncher (level 10, -7/138 HPs)
             Began as a Demonspawn Berserker on July 8, 2023.
             Was the Champion of Trog.
             Mangled by a tyrant leech (19 damage)
             ... in the Dungeon (Sprint III: "The Ten Rune Challenge").
             The game lasted 00:07:30 (2368 turns).

boopmooplesden the Cruncher (Demonspawn Berserker)  Turns: 2368, Time: 00:07:30

Health: -7/138     AC:  7    Str: 22    XL:     10   Next: 94%
Magic:  10/10      EV: 15    Int:  9    God:    Trog [******]
Gold:   1861       SH:  0    Dex: 12    Spells: 9/9 levels left

rFire   . . .        n - +2 glaive (flame)
rCold   . . .        (shield currently unavailable)
rNeg    + . .        q - +2 robe {rN+}
rPois   .            (no helmet)
rElec   .            j - +2 cloak
rCorr   .            (no gloves)
SInv    .            (no boots)
Will    .....        (no amulet) Stlth
                     (no ring)
HPRegen 0.43/turn    (no ring)
MPRegen 0.12/turn

%: no teleportation
@: berserking, very quick
A: foul stench 3, weakness stinger 1
a: Renounce Religion, Berserk, Trog's Hand, Brothers in Arms


You were in the Dungeon.
You worshipped Trog.
Trog was exalted by your worship.
You visited 1 branch You collected 1861 gold pieces.

Inventory:

Hand Weapons
 a - a +0 spear
 i - a +2 quarterstaff of chaos
 n - a +2 glaive of flaming (weapon)
 p - a +4 heavy glaive
 r - a +4 heavy quarterstaff
Armour
 b - a +0 animal skin
 j - a +2 cloak (worn)
 q - a +2 robe of positive energy (worn)
Scrolls
 c - 3 scrolls of torment {unknown}
 h - a scroll of blinking
 k - 3 scrolls of immolation {unknown}
 m - a scroll of amnesia {unknown}
Potions
 d - a potion of heal wounds
 e - a potion of haste
 f - 2 potions of magic
 g - 2 potions of berserk rage
 l - 4 potions of flight
Miscellaneous
 o - a box of beasts


   Skills:
 + Level 13.4 Fighting
 + Level 12.2(14.8) Polearms
 + Level 13.6(15.5) Staves
 + Level 4.1 Armour
 + Level 9.5 Dodging
 + Level 6.9 Stealth
 + Level 0.9 Evocations


You had 9 spell levels left.
You didn't know any spells.
Your spell library was empty.

Dungeon Overview and Level Annotations

Branches:
Dungeon (1/1)

Altars:
Cheibriados
Dithmenos
Fedhas
Gozag
Hepliaklqana
Kikubaaqudgha
Makhleb
Nemelex Xobeh
Okawaru
Qazlal
Ru
Sif Muna
Trog
Uskayaw
Vehumet
Wu Jian
Xom
Yredelemnul
Jiyva
Lugonu

Shops:
D =


Innate Abilities, Weirdness & Mutations

You frequently emit foul miasma when damaged in melee.
You have a small tail.


Message History

You closely miss the tyrant leech.
The tyrant leech is lightly wounded.
The tyrant leech bites you!!
* * * LOW HITPOINT WARNING * * *
The tyrant leech draws strength from your injuries!
You emit a cloud of foul miasma!
You slash the tyrant leech! You burn the tyrant leech.
The tyrant leech is moderately wounded.
The tyrant leech is engulfed in dark miasma.
The tyrant leech is poisoned.
The tyrant leech barely misses you.
Really renounce your faith, foregoing its fabulous benefits? [Y]es or [N]o only, please.
Really renounce your faith, foregoing its fabulous benefits? [Y]es or [N]o only, please.
Really renounce your faith, foregoing its fabulous benefits?
Okay, then.
A red film seems to cover your vision as you go berserk!
You feel yourself moving faster!
You feel mighty!
The tyrant leech is engulfed in dark miasma.
The tyrant leech looks even sicker.
The tyrant leech seems to slow down.
The tyrant leech bites you!!
* * * LOW HITPOINT WARNING * * *
The tyrant leech draws strength from your injuries!
You closely miss the tyrant leech.
The tyrant leech is heavily wounded.
The tyrant leech is no longer moving slowly.
You barely miss the tyrant leech. You tail-slap the tyrant leech!
The tyrant leech is severely wounded.
The tyrant leech is engulfed in dark miasma.
The tyrant leech looks even sicker.
The tyrant leech seems to slow down.
The tyrant leech completely misses you.
You hit the tyrant leech. You burn the tyrant leech.
The tyrant leech is almost dead.
The tyrant leech is no longer moving slowly.
You miss the tyrant leech.
The tyrant leech is almost dead.
The tyrant leech is engulfed in dark miasma.
The tyrant leech looks as sick as possible!
The tyrant leech bites you!!
You die...

.#####....#___#__'...#.))#..#.)##
▓▓ ▓▓▓▓▓▓▓▓▓▓▓▓▓▓▓▓▓▓▓▓▓▓▓▓▓▓▓▓
♣♣~~~........~~~.
+♣♣'♣≈≈≈≈≈≈≈≈≈≈≈≈♣♣
#.†♣♣♣♣♣♣♣♣♣♣♣♣♣♣♣♣ #).♣♣ ♣ ###'♣
♣♣♣♣†# ♣.w@## ♣♣.## ♣. ♣♣


You could see a tyrant leech (extremely poisoned).

Vanquished Creatures
  Erolcha (D)
  A deep elf pyromancer (D)
  2 cane toads (D)
  A komodo dragon (D)
  A shadow (D)
  3 redbacks (D)
  3 wandering mushrooms (D)
  A spatial vortex (D)
  An orc warrior (D)
  5 two-headed ogres (D)
  A necrophage (D)
  A water elemental (D)
  17 killer bees (D)
  Crazy Yiuf (D)
  A jelly (D)
  A wizard (D)
  A necromancer (D)
  3 humans (D)
  A kobold demonologist (D)
  5 orcs (D)
  2 endoplasms (D)
  2 rats (D)
  A ballistomycete spore (D)
56 creatures vanquished.

Vanquished Creatures (collateral kills)
  An orc high priest (D)
  2 orc sorcerers (D)
  A queen bee (D)
  An orc warrior (D)
  15 killer bees (D)
  3 orc priests (D)
  5 orcs (D)
28 creatures vanquished.

Grand Total: 84 creatures vanquished

Notes
Turn   | Place    | Note
-------+----------+-------------------------------------------
     0 | D        | boopmooplesden the Demonspawn Berserker began the quest for
                  | the Orb.
     0 | D        | Reached XP level 1. HP: 18/18 MP: 1/1
    27 | D        | Reached ** piety under Trog
    41 | D        | Noticed Crazy Yiuf
    50 | D        | Gained mutation: You may rarely emit foul miasma when
                  | damaged in melee. [demonic ancestry]
    50 | D        | Reached XP level 2. HP: 26/26 MP: 2/2
    57 | D        | Killed Crazy Yiuf
    58 | D        | Reached skill level 5 in Fighting
    58 | D        | Reached skill level 5 in Polearms
    58 | D        | Gained mutation: You sometimes emit foul miasma when
                  | damaged in melee. [demonic ancestry]
    58 | D        | Reached XP level 3. HP: 5/33 MP: 3/3
    60 | D        | HP: 1/33 [poisoned by Crazy Yiuf]
   210 | D        | Noticed a water elemental
   214 | D        | Killed a water elemental
   215 | D        | Gained mutation: You have a small tail. [demonic ancestry]
   215 | D        | Reached XP level 4. HP: 40/40 MP: 4/4
   265 | D        | Found a shadowy altar of Dithmenos.
   265 | D        | Noticed a necrophage
   271 | D        | Killed a necrophage
   271 | D        | Reached *** piety under Trog
   272 | D        | Reached skill level 1 in Stealth
   272 | D        | Reached XP level 5. HP: 38/47 MP: 5/5
   273 | D        | Found a basalt altar of Yredelemnul.
   273 | D        | Found a sacrificial altar of Ru.
   350 | D        | Found a hide-covered altar of Uskayaw.
   350 | D        | Found an iron altar of Okawaru.
   353 | D        | Noticed a human
   354 | D        | Noticed a human
   362 | D        | Killed a human
   363 | D        | Reached XP level 6. HP: 56/56 MP: 6/6
   365 | D        | Killed a human
   365 | D        | Reached **** piety under Trog
   366 | D        | Found a bloodstained altar of Trog.
   366 | D        | Found an ornate altar of the Wu Jian Council.
   459 | D        | Found a radiant altar of Vehumet.
   459 | D        | Found a shimmering blue altar of Sif Muna.
   459 | D        | Found an ancient bone altar of Kikubaaqudgha.
   466 | D        | Reached XP level 7. HP: 63/63 MP: 7/7
   585 | D        | Noticed a deep elf pyromancer
   587 | D        | Noticed a fire elemental
   589 | D        | Noticed a fire elemental
   594 | D        | Killed a deep elf pyromancer
   595 | D        | Reached skill level 5 in Dodging
   640 | D        | Noticed a shadow
   644 | D        | Killed a shadow
   644 | D        | Reached ***** piety under Trog
   645 | D        | Reached skill level 10 in Polearms
   645 | D        | Reached XP level 8. HP: 35/72 MP: 8/8
   893 | D        | Found a blossoming altar of Fedhas.
   893 | D        | Found a stormy altar of Qazlal.
   893 | D        | Found a snail-covered altar of Cheibriados.
   893 | D        | Found a burning altar of Makhleb.
   893 | D        | Found a shimmering altar of Xom.
   894 | D        | Found a hazy altar of Hepliaklqana.
   894 | D        | Found an opulent altar of Gozag.
   894 | D        | Found a sparkling altar of Nemelex Xobeh.
   894 | D        | Found a corrupted altar of Lugonu.
   894 | D        | Found a viscous altar of Jiyva.
   908 | D        | Reached skill level 10 in Fighting
   939 | D        | Received a gift from Trog
  1132 | D        | Noticed a two-headed ogre
  1141 | D        | Killed a two-headed ogre
  1277 | D        | Noticed a two-headed ogre
  1277 | D        | Noticed Erolcha
  1284 | D        | Killed Erolcha
  1285 | D        | Reached skill level 10 in Staves
  1285 | D        | Gained mutation: You frequently emit foul miasma when
                  | damaged in melee. [demonic ancestry]
  1285 | D        | Reached XP level 9. HP: 81/81 MP: 9/9
  1286 | D        | Killed a two-headed ogre
  1287 | D        | Reached skill level 5 in Stealth
  1291 | D        | Received a gift from Trog
  1512 | D        | Noticed an orc sorcerer
  1533 | D        | Killed an orc sorcerer
  1534 | D        | Noticed an orc sorcerer
  1538 | D        | Killed an orc sorcerer
  1539 | D        | Noticed an orc high priest
  1539 | D        | Received a gift from Trog
  1543 | D        | Killed an orc high priest
  1544 | D        | Reached XP level 10. HP: 59/89 MP: 10/10
  1548 | D        | Found Koxkohu's Jewellery Emporium.
  1550 | D        | Received a gift from Trog
  1550 | D        | Reached ****** piety under Trog
  1794 | D        | Received a gift from Trog
  1808 | D        | Received a gift from Trog
  1827 | D        | Received a gift from Trog
  2161 | D        | Noticed a cane toad
  2161 | D        | Noticed a cane toad
  2165 | D        | Killed a cane toad
  2170 | D        | Killed a cane toad
  2173 | D        | Received a gift from Trog
  2368 | D        | Mangled by a tyrant leech

Illustrated notes

Levels and vault maps discovered:
D:        dungeon_sprint_mu [sprint_mu_entry_cave, sprint_mu_temple_rooms,
          sprint_mu_d1_spiders, sprint_mu_d2_genie, sprint_mu_d3_branching,
          sprint_mu_orc_legion, sprint_mu_elf_gauntlet, sprint_mu_hive_nellie,
          sprint_mu_lair_fedhas, sprint_mu_vaults_butterflies,
          sprint_mu_slime_circle, sprint_mu_shoals_archi,
          sprint_mu_snake_twists, sprint_mu_blade_basic,
          sprint_mu_crypt_chambers, sprint_mu_tomb_spiral,
          sprint_mu_vestibule_basic, sprint_mu_gehenna_hellfire,
          sprint_mu_dis_giant, sprint_mu_tartarus_statrot,
          sprint_mu_cocytus_islands, sprint_mu_zot1]

Skill      XL: |  1  2  3  4  5  6  7  8  9 10 |
---------------+-------------------------------+-----
Polearms       | 4 5 6 7 8 9 10 12 | 12.2
Dodging        | 2 3 4 5 6 7 9 |  9.5
Armour         | 2 3 4 |  4.1
Fighting       | 4 5 6 7 8 9 11 12 13 | 13.4
Staves         | 2 3 4 6 10 12 13 | 13.6
Stealth        | 1 2 3 4 6 |  6.9
Evocations     | |  0.9

Action                     |  1- 3 |  4- 6 |  7- 9 | 10-12 || total
---------------------------+-------+-------+-------+-------++-------
  Melee: Spear             |    19 |       |       |       ||    19
         Punch             |     1 |       |       |       ||     1
         Quarterstaff      |     4 |    22 |    57 |       ||    83
         Tailslap          |       |     1 |     6 |     7 ||    14
         Glaive            |       |       |     6 |    70 ||    76
 Invoke: Berserk           |     2 |     3 |     4 |     3 ||    12
         Brothers in Arms  |       |       |     1 |     2 ||     3
         Trog's Hand       |       |       |       |     2 ||     2
  Evoke: Box of beasts     |       |       |       |     2 ||     2
    Use: Potion            |     1 |       |       |     1 ||     2
   Stab: Sleeping          |     1 |       |     2 |     2 ||     5
 Armour: Animal skin       |       |     4 |     3 |       ||     7
         Robe              |       |       |       |    23 ||    23
  Dodge: Dodged            |     5 |     5 |    32 |    98 ||   140
